 Dungeon Crawl Stone Soup version 0.32-a0-522-g3863d58 (webtiles) character file.

Game seed: 9306306109231934729

6449 Remcycle the Spear-Bearer (level 10, -3/80 HPs)
             Began as a Merfolk Monk on Feb 27, 2024.
             Was a High Priest of Okawaru.
             Slain by a cane toad (20 damage)
             ... on level 1 of the Lair of Beasts.
             The game lasted 00:20:59 (7052 turns).

Remcycle the Spear-Bearer (Merfolk Monk)            Turns: 7052, Time: 00:20:59

Health: -3/80      AC: 10    Str: 15      XL:     10   Next: 99%
Magic:  10/10      EV: 14    Int:  8 (9)  God:    Okawaru [*****.]
Gold:   1279       SH:  0    Dex: 16      Spells: 9/9 levels left

rFire   . . .        q - +2 spear (vamp)
rCold   . . .        d - orb {light}
rNeg    . . .        a - +3 scale mail
rPois   .            (helmet restricted)
rElec   .            (no cloak)
rCorr   .            (no gloves)
SInv    .            (no boots)
Will    .....        s - amulet of regeneration Stlth
                     w - +4 ring of slaying
HPRegen 1.13/turn    (no ring)
MPRegen 0.12/turn

%: no passive effects
@: lethally poisoned (-3 -> -9), glowing
A: (nimble swimmer 2), mertail, horns 1, deterioration 1, weak 1
a: Renounce Religion, Heroism, Finesse, Duel


You were on level 1 of the Lair of Beasts.
You worshipped Okawaru.
Okawaru was extremely pleased with you.
You visited 3 branches of the dungeon, and saw 11 of its levels.
You also visited: Sewer.

You collected 1279 gold pieces.

Inventory:

Hand Weapons
 q - a +2 vampiric spear (weapon)
 x - a +0 glaive
Missiles
 A - a throwing net
Armour
 a - a +3 scale mail (worn)
 d - an orb of light (worn)
 r - a +1 helmet
Jewellery
 k - a ring of wizardry
 s - an amulet of regeneration (around neck)
 w - a +4 ring of slaying (left hand)
Wands
 b - a wand of warping (8)
 v - a wand of mindburst (5) (quivered)
Scrolls
 f - 4 scrolls of fog
 i - 2 scrolls of noise
 n - 2 scrolls of torment
 o - 3 scrolls of teleportation
 p - a scroll of enchant armour
Potions
 c - 2 potions of ambrosia
 e - 3 potions of brilliance
 g - 2 potions of haste
 h - a potion of berserk rage
 j - 3 potions of curing
 l - a potion of attraction
 m - a potion of resistance
 t - a potion of invisibility


   Skills:
 + Level 8.3 Fighting
 + Level 14.7 Polearms
 + Level 5.1 Armour
 + Level 9.9 Dodging


You had 9 spell levels left.
You didn't know any spells.
Your spell library contained the following spells:

 Spells                   Type           Power      Damage    Failure   Level
 Gell's Gravitas          Tloc           0%         N/A       99%         3
 Teleport Other           Tloc           0%         N/A       99%         3
 Dispersal                Tloc           0%         N/A       100%        6


Dungeon Overview and Level Annotations

Branches:
Dungeon (9/15)             Temple (1/1) D:5            Lair (1/5) D:8
  Sewer (visited)
    Orc: D:9-12

Altars:
Ashenzari
Cheibriados
Dithmenos
Elyvilon
Fedhas
Gozag
Hepliaklqana
Kikubaaqudgha
Nemelex Xobeh
Okawaru
Qazlal
Ru
Sif Muna
Trog
Uskayaw
Vehumet
Wu Jian
Xom
Yredelemnul
Zin
The Shining One

Shops:
D:6 *   D:8 ?

Annotations:
Lair:1 Joseph


Innate Abilities, Weirdness & Mutations

((You are very nimble when in or above water. (Stealth+, EV+, Speed+++)))
Your lower body shifts to a powerful aquatic tail in water.
You have a pair of small horns on your head.
Your body sometimes deteriorates upon taking damage.
You are weak. (Str -2)


Message History

The cane toad stings you!!
You barely miss the cane toad.
The cane toad is lightly wounded.
The yak snorts and paws the ground.
The cane toad stings you but does no damage.
You hit the yak.
The yak is severely wounded.
You hit the yak but do no damage.
The yak is severely wounded.
The yak gores you. The cane toad stings you!
You are poisoned.
The cane toad poisons you!
You are too injured to fight recklessly!
You are too injured to fight recklessly!
You are too injured to fight recklessly!
You are too injured to fight recklessly!
You are too injured to fight recklessly!
You are too injured to fight recklessly!
You are too injured to fight recklessly!
You are too injured to fight recklessly!
You are too injured to fight recklessly!
You are too injured to fight recklessly!
You are too injured to fight recklessly!
You are too injured to fight recklessly!
You are too injured to fight recklessly!
Unknown command.
You barely miss the cane toad.
The cane toad is lightly wounded.
You feel very sick. The yak barely misses you.
You puncture the cane toad!
You feel better.
You headbutt the cane toad, but do no damage.
The cane toad is moderately wounded.
You feel sick. The cane toad stings you!!
* * * LOW HITPOINT WARNING * * *
The yak completely misses you.
You hit the cane toad.
You feel better.
You headbutt the cane toad.
The cane toad is heavily wounded.
You feel sick. The cane toad stings you!!
You die...

##..............
##...............
#................
######....#..........
#######.#P#......#.........
#..........#.....#.........
#.##.#####...............>.
###### #.Y........ ......
##@#.....#.. #YF#....##..
#.S..Y..# ##..Y...##...
#....Y.Y.... #......Y....
#P........... ##....##.#...
.....%. .....


You could see 3 yaks, a cane toad and a water moccasin.

Vanquished Creatures
  A tengu warrior (D:9)
  A two-headed ogre (D:8)
  A cane toad (Lair:1)
  2 spriggans (Lair:1)
  A wyvern (D:8)
  6 yaks (Lair:1)
  A basilisk (Lair:1)
  A steam dragon (D:8)
  Eustachio (D:5)
  Edmund (D:5)
  2 water moccasins (Lair:1)
  An ice beast (D:8)
  Pargi (Sewer)
  2 orc warriors
  2 wolves (D:8)
  3 centaurs
  3 kobold brigands
  5 scorpions
  4 bullfrogs
  8 wights
  4 killer bees (D:8)
  2 hounds
  3 jellies
  A gnoll bouda (D:7)
  6 orc priests (D:8)
  A sleepcap (D:4)
  An iguana (D:5)
  7 orc wizards
  A centaur simulacrum (D:9)
  9 gnolls
  6 adders
  3 dart slugs
  A ribbon worm (D:2)
  38 orcs
  6 ball pythons
  7 bats
  An endoplasm (D:1)
  5 giant cockroaches
  6 goblins
  3 hobgoblins
  7 jackals
  6 quokkas
  8 frilled lizards
  10 kobolds
  7 rats
196 creatures vanquished.

Notes
Turn   | Place    | Note
-------+----------+-------------------------------------------
     0 | D:1      | Remcycle the Merfolk Monk began the quest for the Orb.
     0 | D:1      | Reached XP level 1. HP: 18/18 MP: 1/1
   111 | D:1      | Reached XP level 2. HP: 24/24 MP: 2/2
   266 | D:1      | Reached skill level 5 in Polearms
  1023 | D:2      | Reached XP level 3. HP: 28/29 MP: 3/3
  1263 | D:2      | Reached skill level 6 in Polearms
  1683 | D:2      | Reached XP level 4. HP: 35/35 MP: 4/4
  1875 | D:3      | Identified the +7 sling of the Bursted God {flame, Str+4}
  1981 | D:3      | Found a white marble altar of Elyvilon.
  2068 | D:3      | Identified the +8 hand axe of Putrescence {protect, *Rage
                  | rPois rN++ rCorr}
  2505 | D:4      | Reached skill level 7 in Polearms
  2575 | D:4      | Found a glowing drain.
  2596 | Sewer    | Entered a sewer
  2599 | Sewer    | Noticed a kobold brigand
  2609 | Sewer    | Killed a kobold brigand
  2610 | Sewer    | Reached skill level 8 in Polearms
  2610 | Sewer    | Reached XP level 5. HP: 41/41 MP: 5/5
  2612 | Sewer    | Noticed Pargi
  2623 | Sewer    | Killed Pargi
  2624 | Sewer    | Reached XP level 6. HP: 34/47 MP: 6/6
  2670 | Sewer    | Reached skill level 9 in Polearms
  2758 | D:4      | Identified a scroll of acquirement
  2758 | D:4      | Acquired 734 gold pieces
  3222 | D:4      | Reached skill level 10 in Polearms
  3222 | D:4      | Reached XP level 7. HP: 52/52 MP: 7/7
  3228 | D:4      | Found a hide-covered altar of Uskayaw.
  3250 | D:4      | Found a sacrificial altar of Ru.
  3259 | D:4      | Found a glowing silver altar of Zin.
  3259 | D:4      | Found a snail-covered altar of Cheibriados.
  3260 | D:4      | Found a sparkling altar of Nemelex Xobeh.
  3261 | D:4      | Found a blossoming altar of Fedhas.
  3264 | D:4      | Found a shimmering altar of Xom.
  3570 | D:5      | Entered Level 5 of the Dungeon
  3596 | D:5      | Found a staircase to the Ecumenical Temple.
  3603 | Temple   | Entered the Ecumenical Temple
  3610 | Temple   | Became a worshipper of Warmaster Okawaru
  3610 | Temple   | Reached * piety under Okawaru
  3610 | Temple   | Reached ** piety under Okawaru
  3713 | D:5      | Noticed Eustachio
  3734 | D:5      | Killed Eustachio
  3735 | D:5      | Reached skill level 11 in Polearms
  3755 | D:5      | Noticed Edmund
  3767 | D:5      | Killed Edmund
  3768 | D:5      | Reached skill level 12 in Polearms
  3768 | D:5      | Reached XP level 8. HP: 47/58 MP: 8/8
  4045 | D:5      | Reached skill level 1 in Armour
  4247 | D:6      | Found a hazy altar of Hepliaklqana.
  4422 | D:6      | Found Soys's Overcharged Wands.
  4428 | D:6      | Reached skill level 5 in Dodging
  4743 | D:6      | Reached *** piety under Okawaru
  5150 | D:7      | Reached skill level 5 in Fighting
  5150 | D:7      | Reached XP level 9. HP: 60/68 MP: 9/9
  5690 | D:8      | Reached skill level 13 in Polearms
  5756 | D:8      | Reached **** piety under Okawaru
  5839 | D:8      | Found a staircase to the Lair.
  5999 | D:8      | Found Emepres's Magic Scroll Shoppe.
  6094 | D:8      | Noticed a two-headed ogre
  6145 | D:9      | Gained mutation: You have a pair of small horns on your
                  | head. [potion of mutation]
  6145 | D:9      | Gained mutation: You are weak. (Str -2) [potion of
                  | mutation]
  6145 | D:9      | Gained mutation: Your body sometimes deteriorates upon
                  | taking damage. [potion of mutation]
  6188 | D:8      | Killed a two-headed ogre
  6189 | D:8      | Reached XP level 10. HP: 66/77 MP: 10/10
  6544 | D:9      | Noticed a tengu warrior
  6562 | D:9      | Killed a tengu warrior
  6563 | D:9      | Reached skill level 14 in Polearms
  6601 | D:9      | Noticed a four-headed hydra
  6601 | D:9      | Noticed a deep elf pyromancer
  6644 | Lair:1   | Entered Level 1 of the Lair of Beasts
  6688 | Lair:1   | Reached ***** piety under Okawaru
  6803 | Lair:1   | Noticed a cane toad
  6804 | Lair:1   | Found a radiant altar of Vehumet.
  6804 | Lair:1   | Noticed a catoblepas
  6804 | Lair:1   | Noticed Joseph
  6933 | Lair:1   | Killed a cane toad
  6934 | Lair:1   | Reached skill level 5 in Armour
  7036 | Lair:1   | Noticed a cane toad
  7052 | Lair:1   | Slain by a cane toad

Illustrated notes

Levels and vault maps discovered:
D:1:      lightli_arrival_windingriver, layout_basic
D:2:      minmay_wonky_spiral, layout_loops_ring
D:3:      layout_rooms, nicolae_elyvilon_peaceful_grove
D:4:      layout_basic, minitemple, gup_sewer_entry_pipe
D:5:      layout_basic, minmay_temple_entry_crystal_x, uniq_edmund,
          uniq_eustachio
D:6:      layout_loops_cross, mainiacjoe_overflow_tiny_flanked,
          hangedman_decor_opposing, nicolae_shop_overcharged_wands
D:7:      layout_loops_ring, minmay_misc_feat_square
D:8:      layout_loops_ring, erik_lair_orcish_takeover, serial_shops, shop
D:9:      layout_irregular_city, makhleb_altar_promises_db, kb_rosetta
Temple:   nicolae_temple_no_exploring_needed
Lair:1:   wad_woods_stonehenge, layout_gridlike, special_room, uniq_joseph

Skill      XL: |  1  2  3  4  5  6  7  8  9 10 |
---------------+-------------------------------+-----
Polearms       | 5 6 8 10 12 13 14 | 14.7
Armour         | 2 4 5 |  5.1
Fighting       | 5 6 8 |  8.3
Dodging        | 6 8 9 |  9.9

Action                     |  1- 3 |  4- 6 |  7- 9 | 10-12 || total
---------------------------+-------+-------+-------+-------++-------
  Melee: Spear             |   106 |   109 |   400 |   145 ||   760
         Tailslap          |       |     4 |       |       ||     4
         Headbutt          |       |       |       |    31 ||    31
  Evoke: Wand              |       |       |     2 |     4 ||     6
    Use: Scroll            |       |    13 |     6 |     1 ||    20
         Potion            |       |       |     6 |     3 ||     9
 Armour: Robe              |    33 |     5 |       |       ||    38
         Ring mail         |       |    28 |     6 |       ||    34
         Scale mail        |       |       |   118 |    71 ||   189
  Dodge: Dodged            |    50 |    30 |    83 |    61 ||   224
         Repelled          |       |       |     1 |       ||     1

Table legend: (Time is in decaauts)
 A = Elapsed time spent in this place.
 B = Non-inter-level travel time spent in this place.
 C = Inter-level travel time spent in this place.
 D = Time resting spent in this place.
 E = Time spent auto-exploring this place.
 F = Levels seen in this place.
 G = Mean time per level.
                   A        B        C        D        E       F      G
               +--------+--------+--------+--------+--------+-----+--------+
         Total |   6704 |   6214 |    490 |    133 |   4858 |  12 |  558.7 |
       Dungeon |   6237 |   5758 |    479 |    107 |   4622 |   9 |  693.0 |
        Temple |     14 |      3 |     11 |      0 |      0 |   1 |   14.0 |
          Lair |    308 |    308 |      0 |     26 |    143 |   1 |  308.0 |
         Sewer |    145 |    145 |      0 |      0 |     93 |   1 |  145.0 |
               +--------+--------+--------+--------+--------+-----+--------+

Top non-repeatable levels by time:
     D:1: 1003 daAuts
     D:8: 929 daAuts
     D:4: 927 daAuts
     D:2: 913 daAuts
     D:7: 681 daAuts
     D:5: 594 daAuts
     D:6: 575 daAuts
     D:3: 502 daAuts
  Lair:1: 308 daAuts
   Sewer: 145 daAuts
     D:9: 110 daAuts
  Temple: 14 daAuts
